 Dungeon Crawl Stone Soup version 0.25.0-9-g26727b657a (webtiles) character file.

Game seed: 15316407716585097851

109 theswoord the Slasher (level 4, -1/33 HPs)
             Began as a Demonspawn Gladiator on June 16, 2020.
             Killed by nerve-wracking pain
             ... invoked by an orc priest
              (9 damage)
             ... on level 3 of the Dungeon.
             The game lasted 00:01:27 (1768 turns).

theswoord the Slasher (Demonspawn Gladiator)        Turns: 1768, Time: 00:01:29

Health: -1/33      AC:  6    Str: 14    XL:     4   Next: 59%
Magic:  4/4        EV: 16    Int: 10    God:
Gold:   189        SH:  0    Dex: 15    Spells: 3/3 levels left

rFire    + . .     SeeInvis .   a - +0 long sword
rCold    . . .     Gourm    .   (no shield)
rNeg     . . .     Faith    .   b - +0 leather armour
rPois    .         Spirit   .   c - +0 helmet
rElec    .         Reflect  .   (no cloak)
rCorr    .         Harm     .   (no gloves)
MR       .....                  (no boots)
Stlth    +.........             (no amulet)
HPRegen  0.11/turn              k - +4 ring of evasion
MPRegen  0.09/turn              l - ring of protection from fire

@: no status effects
A: iridescent scales 1
a: no special abilities


You were on level 3 of the Dungeon.
You were not hungry.

You visited 1 branch of the dungeon, and saw 3 of its levels.

You collected 189 gold pieces.

Inventory:

Hand Weapons
 a - a +0 long sword (weapon)
Missiles
 d - 3 throwing nets (quivered)
Armour
 b - a +0 leather armour (worn)
 c - a +0 helmet (worn)
Jewellery
 k - a +4 ring of evasion (left hand)
 l - a ring of protection from fire (right hand)
Scrolls
 j - 3 scrolls of immolation {unknown}
 m - 2 scrolls of remove curse {unknown}
 n - 3 scrolls of fog {unknown}
 o - 2 scrolls of teleportation {unknown}
Potions
 e - 2 potions of curing {unknown}
 g - a potion of flight {unknown}
 h - a potion of haste {unknown}
 i - 2 potions of heal wounds {unknown}
 q - a potion of mutation {unknown}
Comestibles
 f - 6 rations
 p - 5 chunks of flesh


   Skills:
 - Level 2.0 Fighting
 + Level 4.9 Long Blades
 - Level 1.7 Throwing
 - Level 2.6 Dodging


You had 3 spell levels left.
You didn't know any spells.
Your spell library was empty.

Dungeon Overview and Level Annotations

Branches:
Dungeon (3/15)

Altars:


Innate Abilities, Weirdness & Mutations

You are partially covered in iridescent scales. (AC +2)


Message History

You kill the orc!
You hear a shout!
You barely miss the orc. The orc closely misses you.
You barely miss the orc.
The orc priest invokes the aid of Beogh against you.
Beogh smites you! The orc misses you.
You slash the orc!
You kill the orc!
The orc priest invokes the aid of Beogh against you.
Beogh smites you!
* * * LOW HITPOINT WARNING * * *
You closely miss the orc priest.
The orc priest hits you but does no damage.
You slash the orc priest!
The orc priest is severely wounded.
The orc priest barely misses you.
You riposte.
You slash the orc priest!
You kill the orc priest!
The orc priest invokes the aid of Beogh against you.
Pain shoots through your body!
You die...

###... ......
####.. #.. ###
####### ...
##...... #.#
######.#.#.## #o#
#..........). #@#
#.####.#.#.##
#.####.#####...##
#.............##
###############


You could see an orc priest.

Vanquished Creatures
  An orc priest (D:3)
  2 adders (D:3)
  A worm (D:2)
  3 dart slugs
  A leopard gecko (D:1)
  2 orcs (D:3)
  A giant cockroach (D:1)
  3 hobgoblins (D:1)
  4 jackals (D:3)
  3 kobolds
  3 quokkas
  7 bats
  4 frilled lizards
  8 goblins
  6 rats
49 creatures vanquished.

Notes
Turn   | Place    | Note
-------+----------+-------------------------------------------
     0 | D:1      | theswoord the Demonspawn Gladiator began the quest for the
                  | Orb.
     0 | D:1      | Reached XP level 1. HP: 16/16 MP: 1/1
   119 | D:1      | Reached skill level 3 in Long Blades
   146 | D:1      | Gained mutation: You are partially covered in iridescent
                  | scales. (AC +2) [demonic ancestry]
   146 | D:1      | Reached XP level 2. HP: 22/22 MP: 2/2
   529 | D:1      | Reached XP level 3. HP: 27/27 MP: 3/3
  1191 | D:2      | Reached skill level 4 in Long Blades
  1672 | D:3      | Reached XP level 4. HP: 27/33 MP: 4/4
  1768 | D:3      | Killed from afar by an orc priest

Skill      XL: |  1  2  3 |
---------------+----------+-----
Long Blades    | 3 4 |  4.9
Fighting       | |  2.0
Throwing       | |  1.7
Dodging        | |  2.6

Action                   |  1- 3 |  4- 6 || total
-------------------------+-------+-------++-------
Melee: Long sword        |   100 |    14 ||   114
  Eat: Chunk             |     3 |       ||     3
Armor: Leather armour    |    32 |     2 ||    34
Dodge: Dodged            |   104 |     7 ||   111
       Rpst.: Long sword |    39 |     3 ||    42

Levels and vault maps discovered:
D:1:      nicolae_arrival_washed_ashore, layout_loops_ring
D:2:      layout_loops_cross, first_ration, minmay_pentomino_z4
D:3:      layout_loops_ring, uniq_natasha, uniq_terence, uniq_grinder
